 Dungeon Crawl Stone Soup version 0.18.1-48-g4cf74bf (webtiles) character file.

1460 grulito the Cleaver (level 8, -8/71 HPs)
             Began as a Minotaur Fighter on June 28, 2016.
             Was an Initiate of Qazlal.
             Mangled by an ogre
             ... wielding a +0 giant spiked club
              (12 damage)
             ... on level 6 of the Dungeon.
             The game lasted 00:24:22 (5586 turns).

grulito the Cleaver (Minotaur Fighter)              Turns: 5586, Time: 00:24:23

Health: -8/71      AC: 14    Str: 23    XL:     8   Next: 48%
Magic:  7/7        EV:  3    Int:  5    God:    Qazlal [......]
Gold:   85         SH:  9    Dex: 10    Spells: 0 memorised, 7 levels left

rFire  + . .     SeeInvis .     a - +1 war axe
rCold  . . .     Gourm    .     w - +5 ring mail
rNeg   . . .     Faith    .     c - +0 shield
rPois  .         Spirit   .     (helmet restricted)
rElec  .         Dismiss  .     (no cloak)
rCorr  .         Reflect  .     x - +0 pair of gloves
SustAt .         Harm     .     j - +0 pair of boots
MR     .....                    (no amulet)
Stlth  ++........               z - ring of stealth
                                r - ring of protection from fire

@: not resistant to hostile enchantments, unstealthy
A: retaliatory headbutt, horns 2
a: Renounce Religion


You were on level 6 of the Dungeon.
You worshipped Qazlal.
Qazlal was noncommittal.
You were not hungry.

You visited 2 branches of the dungeon, and saw 7 of its levels.

You collected 281 gold pieces.
You spent 196 gold pieces at shops.

Inventory:

Hand Weapons
 a - a +1 war axe (weapon)
 s - a +0 scythe
Missiles
 C - 4 tomahawks (quivered)
Armour
 b - a +0 scale mail
 c - a +0 shield (worn)
 j - a +0 pair of boots (worn)
 w - a +5 ring mail (worn)
 x - a +0 pair of gloves (worn)
 D - a +0 pair of gloves
Jewellery
 r - a ring of protection from fire (left hand)
 z - a ring of stealth (right hand)
Wands
 y - a wand of iceblast (2/15)
 E - a wand of acid (8/15)
 G - a wand of lightning (7/15)
Scrolls
 e - 3 scrolls of enchant weapon
 l - 3 scrolls of teleportation
 m - a scroll of random uselessness
 o - a scroll of enchant armour
 p - 3 scrolls of amnesia
 t - a scroll of remove curse
Potions
 d - 2 potions of might
 h - 6 potions of curing
 n - 2 potions of lignification {unknown}
 u - 3 potions of flight
 v - a potion of ambrosia {unknown}
 B - 2 potions of agility
 F - a potion of invisibility
Comestibles
 f - 3 bread rations
 g - 3 meat rations
 k - 3 beef jerkies
 q - 2 slices of pizza


   Skills:
 + Level 6.8 Fighting
 * Level 9.0 Axes
 + Level 7.6 Armour
 - Level 0.2 Dodging
 - Level 1.0 Stealth
 - Level 3.9 Shields


You had 7 spell levels left.
You didn't know any spells.

Dungeon Overview and Level Annotations

Branches:
Dungeon (6/15)             Temple (1/1) D:4

Altars:
Ashenzari
Cheibriados
Elyvilon
Fedhas
Gozag
Makhleb
Nemelex Xobeh
Pakellas
Qazlal
Yredelemnul
The Shining One

Shops:
D:5 !


Innate Abilities, Weirdness & Mutations

You reflexively headbutt those who attack you in melee.
You have a pair of horns on your head.


Message History

You hit the ogre.
The ogre is lightly wounded.
The ogre hits you with a giant spiked club!!
You slash the ogre!
The ogre is moderately wounded.
You barely miss the hound. You block the hound's attack. x2
You hit the ogre.
The ogre is heavily wounded.
You slash the hound!
The hound is heavily wounded.
The hound bites you but does no damage.
The ogre hits you with a giant spiked club!!
* * * LOW HITPOINT WARNING * * *
The hound barely misses you. The hound bites you.
* * * LOW HITPOINT WARNING * * *
There is a stone staircase leading up here.
You block the hound's attack.
The ogre hits you with a giant spiked club!
You die...

#### ####...
....># # #
#####...#.##.#
........#....#
#...<.....#
#..O@#.#.##
#......h...#
#......#.#.#
#.....?#.#.#
#......... #
#........##
#..>..#...
#.....#..#


You could see an ogre and a hound.

Vanquished Creatures
  The ghost of grulito the Chopper, an amateur MiFi (D:4)
  Sigmund (D:2)
  A hippogriff (D:5)
  4 ogres
  A centaur (D:5)
  2 howler monkeys
  An orc priest (D:4)
  2 hounds
  Crazy Yiuf (D:2)
  3 orc wizards (D:4)
  A giant frog skeleton (D:4)
  3 worker ants
  A howler monkey skeleton (D:5)
  7 adders
  A shadow imp (D:5)
  A worm (D:2)
  2 dart slugs (D:2)
  3 giant geckos
  7 orcs
  A ball python (D:2)
  3 giant cockroaches
  13 goblins
  10 hobgoblins
  4 jackals (D:1)
  2 quokkas
  10 bats
  6 giant newts
  14 kobolds
  8 rats
114 creatures vanquished.

Notes
Turn   | Place    | Note
--------------------------------------------------------------
     0 | D:1      | grulito the Minotaur Fighter began the quest for the Orb.
     0 | D:1      | Reached XP level 1. HP: 19/19 MP: 0/0
   120 | D:1      | Reached XP level 2. HP: 23/27 MP: 1/1
   695 | D:1      | Reached XP level 3. HP: 28/33 MP: 2/2
  1019 | D:2      | Reached skill level 3 in Axes
  1123 | D:2      | Reached XP level 4. HP: 41/41 MP: 3/3
  1292 | D:2      | Noticed Sigmund
  1308 | D:2      | Killed Sigmund
  1308 | D:2      | Reached skill level 5 in Fighting
  1308 | D:2      | Reached skill level 4 in Axes
  1308 | D:2      | Reached skill level 5 in Armour
  1308 | D:2      | Reached XP level 5. HP: 26/48 MP: 4/4
  1621 | D:2      | Noticed Crazy Yiuf
  1626 | D:2      | Killed Crazy Yiuf
  1626 | D:2      | Reached XP level 6. HP: 44/56 MP: 5/5
  2213 | D:3      | Reached skill level 5 in Axes
  2369 | D:3      | Found a glowing golden altar of the Shining One.
  3202 | D:4      | HP: 2/56 [quokka (4)]
  3216 | D:5      | Entered Level 5 of the Dungeon
  3797 | D:4      | Reached skill level 6 in Axes
  3797 | D:4      | Reached XP level 7. HP: 60/61 MP: 6/6
  3902 | D:4      | Reached skill level 1 in Stealth
  3927 | D:4      | Found a staircase to the Ecumenical Temple.
  3981 | Temple   | Entered the Ecumenical Temple
  4024 | Temple   | Became a worshipper of Qazlal Stormbringer
  4077 | D:4      | Noticed grulito's ghost (amateur MiFi)
  4111 | D:4      | Killed grulito's ghost
  4111 | D:4      | Reached skill level 7 in Axes
  4681 | D:4      | Reached XP level 8. HP: 21/70 MP: 7/7
  4984 | D:5      | Found Ycvennomn's Distillery.
  4994 | D:5      | Bought a potion of invisibility for 112 gold pieces
  4994 | D:5      | Bought a potion of curing for 42 gold pieces
  4994 | D:5      | Bought a potion of curing for 42 gold pieces
  5087 | D:5      | Reached skill level 8 in Axes
  5578 | D:6      | Reached skill level 9 in Axes
  5586 | D:6      | Mangled by an ogre

Skill      XL: |  1  2  3  4  5  6  7  8 |
---------------+-------------------------+-----
Fighting       | 4 5 6 |  6.8
Armour         | 4 5 6 7 |  7.6
Axes           | 3 4 6 7 9 |  9.0
Stealth        | 1 |  1.0
Dodging        | |  0.2
Shields        | |  3.9

Action                   |  1- 3 |  4- 6 |  7- 9 || total
-------------------------+-------+-------+-------++-------
Melee: War axe           |    78 |   135 |   105 ||   318
       Headbutt          |    12 |    21 |    21 ||    54
  Use: Scroll            |       |     3 |     9 ||    12
 Stab: Sleeping          |       |     1 |     1 ||     2
  Eat: Chunk             |     1 |     4 |       ||     5
       Bread ration      |       |     1 |     1 ||     2
       Fruit             |       |       |     6 ||     6
Armor: Scale mail        |    50 |    33 |       ||    83
       Ring mail         |       |    27 |    55 ||    82
Dodge: Dodged            |    46 |    39 |    32 ||   117
Block: Shield            |    75 |    72 |    39 ||   186
